 Dungeon Crawl Stone Soup version 0.24-a0-201-gf205589 (webtiles) character file.

Game seed: 16605201136753075491

39 Borgoz the Sneak (level 3, -3/26 HPs)
             Began as a Ghoul Enchanter on Mar 24, 2019.
             Slain by a hobgoblin
             ... wielding a +0 club
              (4 damage)
             ... on level 2 of the Dungeon.
             The game lasted 00:01:44 (1200 turns).

Borgoz the Sneak (Ghoul Enchanter)                  Turns: 1200, Time: 00:01:44

Health: -3/26      AC:  3    Str: 10 (11) XL:     3   Next: 45%
Magic:  4/4        EV: 12    Int:  8 (10) God:
Gold:   65         SH:  0    Dex:  7 (10) Spells: 4/5 levels left

rFire    . . .     SeeInvis .   a - +1 dagger
rCold    + . .     Gourm    .   (no shield)
rNeg     + + +     Faith    .   b - +0 robe
rPois    ∞         Spirit   .   (no helmet)
rElec    .         Reflect  .   e - +0 cloak
rCorr    +         Harm     .   (no gloves)
MR       .....                  (no boots)
Stlth    ++........             (no amulet)
HPRegen  0.00/turn              f - ring of resist corrosion
MPRegen  0.09/turn              (no ring)

@: rotting
A: rotting body, claws 1, carnivore, cold resistance 1, negative energy
resistance 3, inhibited regeneration, torment resistance, unbreathing
a: no special abilities


You were on level 2 of the Dungeon.
You were not hungry.

You visited 1 branch of the dungeon, and saw 2 of its levels.

You collected 65 gold pieces.

Inventory:

Hand Weapons
 a - a +1 dagger (weapon)
Armour
 b - a +0 robe (worn)
 e - a +0 cloak (worn)
Jewellery
 f - a ring of resist corrosion (left claw)
 l - an uncursed ring of protection from magic {unknown}
Scrolls
 c - 2 scrolls of identify {unknown}
 g - a scroll of teleportation {unknown}
 j - a scroll of fear {unknown}
 k - a scroll of blinking {unknown}
 m - a scroll of remove curse {unknown}
Comestibles
 d - 3 rations


   Skills:
 + Level 1.7 Short Blades
 + Level 1.3 Armour
 + Level 2.4 Dodging
 - Level 3.2 Stealth
 - Level 1.7 Spellcasting
 - Level 2.4 Hexes


You had 4 spell levels left.
You knew the following spells:

 Your Spells              Type           Power        Failure   Level  Hunger
a - Corona                Hex            #......      14%         1    ##.....

Your spell library contained the following spells:

 Spells                   Type           Power        Failure   Level  Hunger
 Ensorcelled Hibernation  Hex/Ice        #.....       34%         2    ###....
 Confuse                  Hex            #.......     38%         3    ####...
 Tukima's Dance           Hex            #.......     38%         3    ####...
 Dazzling Spray           Conj/Hex       #.....       56%         3    ####...


Dungeon Overview and Level Annotations

Branches:
Dungeon (2/15)

Altars:
Cheibriados


Innate Abilities, Weirdness & Mutations

Your body is rotting away.
You thrive on raw meat.
You are immune to poison.
You have sharp fingernails.
You are carnivorous and can eat meat at any time.
Your flesh is cold resistant. (rC+)
You are immune to negative energy. (rN+++)
You do not regenerate when monsters are visible.
You are immune to unholy pain and torment.
You can survive without breathing.


Message History

You hit the jackal.
The jackal is almost dead.
The jackal bites you.
* * * LOW HITPOINT WARNING * * *
You barely miss the jackal.
The jackal is almost dead.
The jackal bites you.
* * * LOW HITPOINT WARNING * * *
You hit the jackal but do no damage.
The jackal is almost dead.
The jackal bites you.
* * * LOW HITPOINT WARNING * * *
The jackal barely misses you.
You hit the jackal.
You kill the jackal!
It was a potion of degeneration.
There was something very wrong with that liquid.
You feel weakened.
You feel dopey.
You feel clumsy. The hobgoblin hits you with a +0 club.
You die...

### #.. #.# ##+ #.# ##..
#.### ##... #####.#.##
##....
.##.###........####.....
..................'.....
##.###@###....####.....
###g# #.#..# ##....
#...# #..#.# ##... #.#.#
##.#.# ##..
#..........#.# ##'
#..####..#....# #. #.#
#h##..## #. #. ..#.. ##.
# ..#.. # ###..


You could see a hobgoblin.

Vanquished Creatures
  An adder (D:2)
  An ooze (D:1)
  A dart slug (D:1)
  2 leopard geckos
  3 giant cockroaches (D:1)
  3 goblins (D:1)
  A hobgoblin (D:1)
  A jackal (D:2)
  A quokka (D:2)
  2 bats
  A frilled lizard (D:2)
  2 kobolds (D:1)
  2 rats (D:1)
21 creatures vanquished.

Notes
Turn   | Place    | Note
-------+----------+-------------------------------------------
     0 | D:1      | Borgoz the Ghoul Enchanter began the quest for the Orb.
     0 | D:1      | Reached XP level 1. HP: 14/14 MP: 2/2
    61 | D:1      | Reached skill level 1 in Short Blades
    98 | D:1      | Reached XP level 2. HP: 4/20 MP: 3/3
   452 | D:1      | Reached skill level 1 in Armour
   573 | D:1      | You fall through a shaft!
   575 | D:2      | Reached XP level 3. HP: 26/26 MP: 4/4
   809 | D:1      | Found a snail-covered altar of Cheibriados.
  1198 | D:2      | HP: 1/26 [jackal (1)]
  1200 | D:2      | Slain by a hobgoblin

Levels and vault maps discovered:
D:1:      elethiomel_arrival_maze, layout_rooms, cheibriados_altar_1
D:2:      layout_loops_corners, nicolae_overflow_hidden_temple,
          minmay_close_crescents

Skill      XL: |  1  2 |
---------------+-------+-----
Short Blades   | 1 |  1.7
Dodging        | 2 |  2.4
Armour         | 1 |  1.3
Stealth        | |  3.2
Spellcasting   | |  1.7
Hexes          | |  2.4

Action                   || total
-------------------------++-------
Melee: Dagger            ||   141
  Use: Potion            ||     1
 Stab: Sleeping          ||     4
  Eat: Chunk             ||    10
Armor: Robe              ||    35
Dodge: Dodged            ||   102

Table legend:
 A = Non-vault XP
 B = Vault XP
 C = Vault XP percentage of total XP
 D = Non-vault monster count
 E = Vault monster count
 F = Vault count percentage of total count
                 A         B        C        D         E       F
            +---------+---------+-------+---------+---------+-------
      Total |      39 |      17 |  30.4 |      18 |       3 |  14.3
            +---------+---------+-------+---------+---------+-------
        D:1 |      33 |       0 |   0.0 |      15 |       0 |   0.0
        D:2 |       6 |      17 |  73.9 |       3 |       3 |  50.0
            +---------+---------+-------+---------+---------+-------
